 Dungeon Crawl Stone Soup version 0.24.0-1-gfbc8707122 (webtiles) character file.

Game seed: 4535023918074933707, levelgen mode: deterministic

294 Mrkan the Skirmisher (level 6, -3/53 HPs)
             Began as a Gnoll Wanderer on Oct 26, 2019.
             Slain by a sky beast (5 damage)
             ... on level 6 of the Dungeon.
             The game lasted 00:07:45 (4239 turns).

Mrkan the Skirmisher (Gnoll Wanderer)               Turns: 4239, Time: 00:07:45

Health: -3/53      AC:  9    Str: 18    XL:     6   Next: 33%
Magic:  8/8        EV: 10    Int: 12    God:
Gold:   167        SH:  4    Dex: 15    Spells: 8/8 levels left

rFire    . . .     SeeInvis .   a - +0 club
rCold    . . .     Gourm    .   l - +0 buckler
rNeg     . . .     Faith    .   c - +2 scale mail
rPois    .         Spirit   .   (no helmet)
rElec    .         Reflect  .   (no cloak)
rCorr    .         Harm     .   (no gloves)
MR       .....                  (no boots)
Stlth    +.........             i - amulet of regeneration
HPRegen  0.57/turn              (no ring)
MPRegen  0.11/turn              (no ring)

@: no status effects
A: distributed training, fangs 1, strong nose
a: no special abilities


You were on level 6 of the Dungeon.
You were very hungry.

You visited 1 branch of the dungeon, and saw 6 of its levels.

You collected 167 gold pieces.

Inventory:

Hand Weapons
 a - a +0 club (weapon)
Armour
 c - a +2 scale mail (worn)
 l - a +0 buckler (worn)
Jewellery
 i - an amulet of regeneration (around neck)
 r - an uncursed amulet of the gourmand {unknown}
Wands
 s - a wand of random effects (18)
Scrolls
 b - 4 scrolls of teleportation
 g - a scroll of fear {unknown}
 j - 5 scrolls of remove curse {unknown}
 k - 8 scrolls of identify {unknown}
 p - 2 scrolls of amnesia {unknown}
 t - a scroll of enchant weapon {unknown}
 u - a scroll of magic mapping {unknown}
 v - 2 scrolls of enchant armour {unknown}
 w - a scroll of immolation {unknown}
 x - a scroll of torment {unknown}
Potions
 e - 3 potions of curing
 f - a potion of agility {unknown}
 h - a potion of heal wounds {unknown}
 m - 2 potions of flight {unknown}
 n - a potion of haste
 o - a potion of lignification {unknown}
 q - 2 potions of brilliance {unknown}
Comestibles
 d - 3 rations


   Skills:
 + Level 6.8 Fighting
 + Level 1.9 Short Blades
 + Level 1.9 Long Blades
 + Level 1.9 Axes
 + Level 3.2 Maces & Flails
 + Level 1.9 Polearms
 + Level 1.9 Staves
 + Level 1.9 Slings
 + Level 1.9 Bows
 + Level 1.9 Crossbows
 + Level 3.2 Throwing
 + Level 4.9 Armour
 + Level 1.9 Dodging
 + Level 3.0 Stealth
 + Level 1.9 Shields
 + Level 4.9 Unarmed Combat
 + Level 1.9 Spellcasting
 + Level 1.5 Conjurations
 + Level 1.5 Hexes
 + Level 1.5 Charms
 + Level 1.5 Summonings
 + Level 1.5 Necromancy
 + Level 1.5 Translocations
 + Level 1.5 Transmutations
 + Level 1.5 Fire Magic
 + Level 1.5 Ice Magic
 + Level 1.5 Air Magic
 + Level 1.5 Earth Magic
 + Level 1.5 Poison Magic
 + Level 2.1 Invocations
 + Level 1.9 Evocations


You had 8 spell levels left.
You didn't know any spells.
Your spell library was empty.

Dungeon Overview and Level Annotations

Branches:
Dungeon (6/15)
 Temple: D:4-7

Altars:
Fedhas
Gozag
Ru
Vehumet

Annotations:
D:5 Duvessa


Innate Abilities, Weirdness & Mutations

Your experience applies equally to all skills.
You have very sharp teeth.
Your uncanny sense of smell can sniff out nearby items.


Message History

* * * LOW HITPOINT WARNING * * *
Something shocks you.
* * * LOW HITPOINT WARNING * * *
You barely miss something.
A sky beast appears from thin air!
Reactivating autopickup.
The sky beast hits you but does no damage.
You closely miss the sky beast.
The sky beast is severely wounded.
The sky beast hits you but does no damage.
You closely miss the sky beast. Your bite misses the sky beast.
The sky beast is severely wounded.
The sky beast flickers out of sight!
Deactivating autopickup; reactivate with Ctrl-A.
Something hits you but does no damage.
You hit something.
A sky beast appears from thin air!
Reactivating autopickup.
The sky beast closely misses you. The sky beast hits you.
* * * LOW HITPOINT WARNING * * *
The sky beast shocks you.
You die...

.#.## .#..# #..##
....#### .....
.......#### #.....
..#..####.## ......
.....# #...# #..#...
#....###...## ##$......
#...###.....####........
##...#...#......@Y......
##.#....#..###..##......
#.#####...## #..# ....#
..# #....# #.... ##..
.## #.....##....# . ..#
#.........### ..##
#.#.......# [..##
..###....##
..>.##....###.###


You could see a sky beast.

Vanquished Creatures
  Dowan (D:4)
  A hound (D:4)
  A hound skeleton (D:4)
  7 adders
  2 adder skeletons (D:4)
  3 worms
  A dart slug (D:1)
  6 leopard geckos
  6 orcs
  4 giant cockroaches
  14 goblins
  4 hobgoblins
  14 jackals
  8 kobolds
  A quokka (D:2)
  3 ball pythons
  8 bats
  17 frilled lizards
  6 rats
107 creatures vanquished.

Notes
Turn   | Place    | Note
-------+----------+-------------------------------------------
     0 | D:1      | Mrkan the Gnoll Wanderer began the quest for the Orb.
     0 | D:1      | Mrkan set off with the following items: a +0 club, 2
                  | scrolls of teleportation, a +2 scale mail, a ration
     0 | D:1      | Reached XP level 1. HP: 23/23 MP: 1/1
   148 | D:1      | Reached XP level 2. HP: 28/29 MP: 2/2
   483 | D:1      | Reached XP level 3. HP: 35/35 MP: 3/3
   733 | D:1      | Reached skill level 1 in Invocations
  1063 | D:2      | Found a blossoming altar of Fedhas.
  1131 | D:2      | Reached skill level 1 in Short Blades
  1131 | D:2      | Reached skill level 1 in Long Blades
  1131 | D:2      | Reached skill level 1 in Axes
  1131 | D:2      | Reached skill level 1 in Polearms
  1131 | D:2      | Reached skill level 1 in Staves
  1131 | D:2      | Reached skill level 1 in Slings
  1131 | D:2      | Reached skill level 1 in Bows
  1131 | D:2      | Reached skill level 1 in Crossbows
  1131 | D:2      | Reached skill level 1 in Dodging
  1131 | D:2      | Reached skill level 1 in Shields
  1131 | D:2      | Reached skill level 1 in Spellcasting
  1131 | D:2      | Reached skill level 1 in Evocations
  1131 | D:2      | Reached XP level 4. HP: 22/41 MP: 5/5
  1542 | D:2      | Found a sacrificial altar of Ru.
  1920 | D:3      | Reached skill level 1 in Conjurations
  1920 | D:3      | Reached skill level 1 in Hexes
  1920 | D:3      | Reached skill level 1 in Charms
  1920 | D:3      | Reached skill level 1 in Summonings
  1920 | D:3      | Reached skill level 1 in Necromancy
  1920 | D:3      | Reached skill level 1 in Translocations
  1920 | D:3      | Reached skill level 1 in Transmutations
  1920 | D:3      | Reached skill level 1 in Fire Magic
  1920 | D:3      | Reached skill level 1 in Ice Magic
  1920 | D:3      | Reached skill level 1 in Air Magic
  1920 | D:3      | Reached skill level 1 in Earth Magic
  1920 | D:3      | Reached skill level 1 in Poison Magic
  2106 | D:3      | Found a radiant altar of Vehumet.
  2248 | D:3      | Reached XP level 5. HP: 27/47 MP: 6/6
  3301 | D:4      | Noticed Dowan
  3342 | D:4      | Killed Dowan
  3342 | D:4      | Reached XP level 6. HP: 29/53 MP: 8/8
  3632 | D:4      | Noticed Duvessa
  3654 | D:5      | Entered Level 5 of the Dungeon
  4126 | D:6      | Found an opulent altar of Gozag.
  4195 | D:6      | Noticed a sky beast
  4239 | D:6      | HP: 2/53 [sky beast (4)]
  4239 | D:6      | Slain by a sky beast

Levels and vault maps discovered:
D:1:      eino_arrival_druids_welcome, layout_basic, chequers_jeans,
          minmay_lizard_king
D:2:      layout_loops_ring, fedhas_altar_1, nicolae_ru_great_annihilating_truth
D:3:      layout_basic, vehumet_crystals, first_ration,
          kennysheep_generic_room_13
D:4:      layout_rooms, uniq_duvessa
D:5:      layout_basic, grunt_temple_overflow_holy_war, minmay_misc_feat_square
D:6:      layout_layer_cave, grunt_gozag_statues, zin_treasury

Skill      XL: |  1  2  3  4  5 |
---------------+----------------+-----
Invocations    | 1 2 |  2.1
Short Blades   | 1 |  1.9
Long Blades    | 1 |  1.9
Axes           | 1 |  1.9
Polearms       | 1 |  1.9
Staves         | 1 |  1.9
Slings         | 1 |  1.9
Bows           | 1 |  1.9
Crossbows      | 1 |  1.9
Dodging        | 1 |  1.9
Shields        | 1 |  1.9
Spellcasting   | 1 |  1.9
Evocations     | 1 |  1.9
Conjurations   | 1 |  1.5
Hexes          | 1 |  1.5
Charms         | 1 |  1.5
Summonings     | 1 |  1.5
Necromancy     | 1 |  1.5
Translocations | 1 |  1.5
Transmutations | 1 |  1.5
Fire Magic     | 1 |  1.5
Ice Magic      | 1 |  1.5
Air Magic      | 1 |  1.5
Earth Magic    | 1 |  1.5
Poison Magic   | 1 |  1.5
Maces & Flails | 3 |  3.2
Throwing       | 3 |  3.2
Stealth        | 3 |  3.0
Fighting       | |  6.8
Armour         | |  4.9
Unarmed Combat | |  4.9

Action                   |  1- 3 |  4- 6 || total
-------------------------+-------+-------++-------
Melee: Club              |   144 |   442 ||   586
       Bite              |    11 |    59 ||    70
       Punch             |     7 |     3 ||    10
  Use: Potion            |       |     2 ||     2
 Stab: Paralysed         |       |     3 ||     3
       Invisible         |       |     1 ||     1
  Eat: Chunk             |       |     7 ||     7
       Ration            |       |     1 ||     1
Armor: Scale mail        |    72 |   236 ||   308
Dodge: Dodged            |    70 |   237 ||   307
Block: Buckler           |       |    42 ||    42
